AoeStats
← Mr_Bird

MegaRandom

509351011Analyzed
2v2 RM · 5d ago on Sep 26, 2026· 41m 22s· 4 players
Game mode
Random Map
Map size
Medium (4 player)
Population
200
Speed
Normal
Resources
Standard
Victory
Conquest
Starting age
Dark Age
Ending age
Imperial Age
RankedLock teamsTeams togetherTeam positionsShared explorationLock speedFull tech treeHidden civsTurbo modeCheats
Victory
Defeat
🇳🇱 Spanish · Netherlands
1542
+12
🇺🇸 Italians · United States
1311
+22
🇦🇹 Georgians · Austria
1466
-18
🇩🇪 Celts · Germany
1418
-16
El_Stino
0:33 Loom
9:55 Feudal Age
15:31 Castle Age
24:24 Husbandry
25:26 Double-Bit Axe
26:37 Wheelbarrow
29:08 Padded Archer Armor
34:44 Imperial Age
33:38 Forging
35:23 Iron Casting
34:54 Scale Barding Armor
35:00 Bloodlines
34:46 Cavalier
37:24 Blast Furnace
37:09 Paladin
40:11 Chain Barding Armor
Mr_Bird
0:31 Loom
9:01 Feudal Age
13:25 Double-Bit Axe
15:16 Gold Mining
17:34 Horse Collar
21:44 Castle Age
21:20 Fletching
21:31 Padded Archer Armor
21:57 Crossbowman
22:35 Bodkin Arrow
29:51 Wheelbarrow
30:58 Bow Saw
30:50 Heavy Plow
31:41 Hand Cart
32:31 Pikeman
36:30 Imperial Age
34:51 Town Watch
35:06 Stone Mining
36:08 Leather Archer Armor
36:33 Ballistics
37:18 Bracer
38:23 Chemistry
41:22 Conscription
42:35 Two-Man Saw
dubidubi
0:32 Loom
10:25 Feudal Age
18:14 Castle Age
17:00 Stone Mining
17:20 Double-Bit Axe
17:45 Horse Collar
18:06 Arson
19:14 Scale Mail Armor
22:43 Town Watch
22:54 Gold Mining
24:18 Fletching
29:15 Wheelbarrow
30:37 Chain Mail Armor
30:33 Forging
32:09 Hand Cart
34:35 Gold Shaft Mining
34:04 Heavy Plow
38:11 Imperial Age
37:23 Stronghold
39:40 Plate Mail Armor
39:45 Iron Casting
39:33 Conscription
39:24 Furor Celtica
39:09 Pikeman
39:34 Gambesons
40:23 Halberdier
Killerqueen
0:28 Loom
8:01 Feudal Age
8:59 Double-Bit Axe
10:28 Horse Collar
13:40 Bloodlines
13:52 Scale Barding Armor
19:47 Castle Age
19:38 Forging
19:25 Gold Mining
21:07 Chain Barding Armor
26:03 Fletching
27:10 Elite Skirmisher
28:31 Bodkin Arrow
32:20 Ballistics
38:02 Imperial Age
36:20 Heavy Plow
39:07 Wheelbarrow
38:55 Bracer
Connection lost

Rejoining the realm…

Still unreachable

The connection could not be restored.

Session expired

The server has moved on; the page needs a fresh start.